 Dungeon Crawl Stone Soup version 0.18.1-50-g88ac8fd (webtiles) character file.

86 Drunkenshrew the Sneak (level 4, -6/36 HPs)
             Began as a Draconian Skald on Sept 30, 2016.
             Mangled by Sigmund
             ... wielding a +0 scythe
              (15 damage)
             ... on level 2 of the Dungeon.
             The game lasted 00:04:07 (975 turns).

Drunkenshrew the Sneak (Draconian Skald)             Turns: 975, Time: 00:04:08

Health: -6/36      AC:  7    Str: 14    XL:     4   Next: 26%
Magic:  4/7        EV: 12    Int: 13    God:
Gold:   72         SH:  0    Dex: 11    Spells: 1 memorised, 6 levels left

rFire  . . .     SeeInvis .     v - +1 short sword (elec)
rCold  . . .     Gourm    .     (armour unavailable)
rNeg   . . .     Faith    .     (no shield)
rPois  .         Spirit   .     (helmet restricted)
rElec  .         Dismiss  .     n - +0 cloak
rCorr  .         Reflect  .     u - +0 pair of gloves
SustAt .         Harm     .     (no boots)
MR     .....                    (no amulet)
Stlth  +.........               (no ring)
                                (no ring)

@: confused, infused, not resistant to hostile enchantments, very unstealthy
A: unfitting armour, cold-blooded, AC +5
a: no special abilities


You were on level 2 of the Dungeon.
You were not hungry.

You visited 1 branch of the dungeon, and saw 2 of its levels.

You collected 72 gold pieces.

Inventory:

Hand Weapons
 v - a +1 short sword of electrocution (weapon)
Armour
 n - a +0 cloak (worn)
 u - a +0 pair of gloves (worn)
Scrolls
 d - a scroll of immolation {unknown}
 e - a scroll of random uselessness {unknown}
 f - a scroll of remove curse {unknown}
 i - a scroll of enchant weapon {unknown}
 k - 2 scrolls of amnesia {unknown}
 l - a scroll of magic mapping {unknown}
 o - a scroll of identify {unknown}
 r - a scroll of recharging {unknown}
 s - a scroll of teleportation {unknown}
Potions
 c - a potion of invisibility {unknown}
 g - a potion of agility {unknown}
 h - a potion of magic {unknown}
 j - a potion of resistance {unknown}
 q - a potion of curing {unknown}
 t - a potion of flight {unknown}
Books
 a - a book of Battle

   Spells                             Type                      Level
   a - Infusion                       Charms                       1
   b - Shroud of Golubria             Charms/Translocation         2
   c - Song of Slaying                Charms                       2
   d - Spectral Weapon                Hexes/Charms                 3
   e - Regeneration                   Charms/Necromancy            3
Comestibles
 b - 2 bread rations
 m - a fruit
 p - a beef jerky


   Skills:
 - Level 2.1 Fighting
 - Level 2.0 Dodging
 + Level 3.5 Stealth
 - Level 2.0 Unarmed Combat
 - Level 2.0 Spellcasting
 - Level 2.6 Charms


You had 6 spell levels left.
You knew the following spells:

 Your Spells              Type           Power        Failure   Level  Hunger
a - Infusion              Chrm           #...         10%         1    ##.....


Dungeon Overview and Level Annotations

Branches:
Dungeon (2/15)

Altars:
Xom

Annotations:
D:2 Sigmund


Innate Abilities, Weirdness & Mutations

Your plain brown scales are hard (AC +5).
Your body does not fit into most forms of armour.
You are cold-blooded and may be slowed by cold attacks.


Message History

Sigmund hits you with a scythe.
You hit Sigmund.
Sigmund is lightly wounded.
You completely miss Sigmund.
Sigmund is lightly wounded.
Sigmund casts a spell at you.
You are confused.
Sigmund hits you from afar with a scythe.
* * * LOW HITPOINT WARNING * * *
Sigmund screams, "Only death can liberate you!"
Sigmund misses you.
You closely miss Sigmund.
Sigmund is lightly wounded.
Sigmund hits you but does no damage.
You hit Sigmund.
There is a sudden explosion of sparks!
Sigmund is heavily wounded.
You barely miss Sigmund.
Sigmund is heavily wounded.
Sigmund hits you with a scythe!
You die...

....... ....... .......
....... ....... .......
....(..######
......@.....# .?..
.......@....# ....
##..........# ....
#..........# ###....
#..........####.....
#................#
#................#
#######..........#+####
#................
#................


You could see Sigmund.

Vanquished Creatures
  Ijyb (D:2)
  An adder (D:2)
  An ooze (D:2)
  3 dart slugs
  A giant gecko (D:2)
  3 goblins
  4 hobgoblins
  12 jackals
  4 bats
  A giant newt (D:2)
  4 kobolds
  3 rats
38 creatures vanquished.

Notes
Turn   | Place    | Note
--------------------------------------------------------------
     0 | D:1      | Drunkenshrew the Draconian Skald began the quest for the Orb.
     0 | D:1      | Reached XP level 1. HP: 17/17 MP: 3/3
    83 | D:1      | Reached XP level 2. HP: 19/24 MP: 3/5
   101 | D:1      | Reached skill level 1 in Stealth
   327 | D:1      | Reached skill level 2 in Stealth
   409 | D:1      | Reached XP level 3. HP: 29/29 MP: 6/6
   842 | D:2      | Reached skill level 3 in Stealth
   844 | D:2      | Noticed Ijyb
   847 | D:2      | Found a shimmering altar of Xom.
   863 | D:2      | Killed Ijyb
   863 | D:2      | Reached XP level 4. HP: 23/36 MP: 1/7
   958 | D:2      | Noticed Sigmund
   975 | D:2      | Mangled by Sigmund

Skill      XL: |  1  2  3 |
---------------+----------+-----
Dodging        | 2 |  2.0
Stealth        | 2 3 |  3.5
Fighting       | |  2.1
Unarmed Combat | |  2.0
Spellcasting   | |  2.0
Charms         | |  2.6

Action                   |  1- 3 |  4- 6 || total
-------------------------+-------+-------++-------
Melee: Unarmed           |   137 |    15 ||   152
       Tailslap          |    13 |     1 ||    14
       Punch             |     1 |       ||     1
       Short sword       |       |     5 ||     5
 Cast: Infusion          |    11 |     3 ||    14
 Stab: Sleeping          |     2 |     1 ||     3
  Eat: Chunk             |       |     1 ||     1
Armor: Skin              |    51 |     7 ||    58
Dodge: Dodged            |    87 |    16 ||   103
